 Dungeon Crawl Stone Soup version 0.30-a0-576-g89cddaab80 (webtiles) character file.

Game seed: 7723694018928366283

96 HoaS the Shooter (level 4, -9/26 HPs)
             Began as a Tengu Hunter on Dec 30, 2022.
             Mangled by Blork the orc
             ... wielding a +2 heavy mace
              (19 damage)
             ... on level 3 of the Dungeon.
             The game lasted 00:05:33 (2410 turns).

HoaS the Shooter (Tengu Hunter)                     Turns: 2410, Time: 00:05:34

Health: -9/26      AC:  4    Str: 12    XL:     4   Next: 67%
Magic:  5/5        EV: 12    Int:  9    God:
Gold:   197        SH:  0    Dex: 19    Spells: 3/3 levels left

rFire   + . .      SeeInvis .    a - +2 shortbow
rCold   + . .      Faith    .    (shield currently unavailable)
rNeg    . . .      Spirit   .    c - +1 leather armour
rPois   .          Reflect  .    (helmet restricted)
rElec   .          Harm     .    o - scarf {rC+ rF+}
rCorr   .          Rampage  .    (no gloves)
Will    .....                    (boots unavailable)
Stlth   ++                       (no amulet)
HPRegen 0.24/turn                (no ring)
MPRegen 0.09/turn                (no ring)

@: hasted, very quick
A: beak, talons 3
a: no special abilities


You were on level 3 of the Dungeon.
You visited 1 branch of the dungeon, and saw 4 of its levels.

You collected 197 gold pieces.

Inventory:

Hand Weapons
 a - a +2 shortbow (weapon)
Missiles
 e - a throwing net
Armour
 c - a +1 leather armour (worn)
 o - a scarf of resistance (worn)
Scrolls
 b - a scroll of immolation
 g - 3 scrolls of blinking
 k - 3 scrolls of teleportation
Potions
 d - 3 potions of ambrosia
 f - a potion of degeneration {unknown}
 h - a potion of mutation {unknown}
 j - 2 potions of heal wounds
 l - a potion of curing {unknown}
 m - a potion of invisibility {unknown}
 n - a potion of flight {unknown}


   Skills:
 - Level 2.0 Fighting
 + Level 6.5 Ranged Weapons
 - Level 2.1 Dodging
 - Level 1.0 Stealth


You had 3 spell levels left.
You didn't know any spells.
Your spell library contained the following spells:

 Spells                   Type           Power      Damage    Failure   Level
 Chain Lightning          Conj/Air       0%         N/A       100%        9
 Fire Storm               Conj/Fire      0%         5d1       100%        9
 Shatter                  Erth           0%         3d5*      100%        9


Dungeon Overview and Level Annotations

Branches:
Dungeon (4/15)
 Temple: D:4-7

Altars:

Annotations:
D:3 Blork the orc


Innate Abilities, Weirdness & Mutations

You have a beak for a mouth.
You have claws for feet.


Message History

Found 14 gold pieces.
There is a stone staircase leading up here.
You now have 197 gold pieces (gained 14).
You see here an orb of energy.
You see here an orb of energy.
Found a hand axe.
You see here a scarf of resistance.
o - a scarf of resistance You start putting on your armour.
You continue putting on your scarf of resistance. x4
You finish putting on your scarf of resistance.
You feel resistant to extremes of temperature.
Blork the orc comes into view.
He is wielding a +2 heavy mace.
You see here 6 gold pieces.
Press: ? - help, v - describe, . - travel
Here: Blork the orc, wielding a +2 heavy mace and wearing a +0 robe (asleep)
The floor.
Blork the orc shouts!
You see here 6 gold pieces.
Blork the orc looks braver for a moment.
Blork the orc gestures at you while chanting.
The puff of frost hits you. You resist.
Blork the orc mumbles some strange words.
Blork the orc seems to speed up.
Blork the orc screams, "You are the ugliest creature I've ever seen!"
Blork the orc points at you and mumbles some strange words.
The magic dart hits you.
Blork the orc points at you and mumbles some strange words.
The puff of frost hits you. You resist.
There is a stone staircase leading up here.
Blork the orc closely misses you.
You climb upwards.
There is a stone staircase leading down here.
You feel yourself speed up.
Blork the orc hits you with a +2 heavy mace!
You shoot an arrow. The arrow hits Blork the orc.
Blork the orc is lightly wounded.
Blork the orc hits you with a +2 heavy mace!!
Ouch! That really hurt!
You die...

.....†##.....## #####
.<....###...########...#
.......#8...8#.......############
######.##...##.######............
#...##.##...##.######..........##
.......##...##.....##..........##
......##8...8#..#......÷.†.....#8
......###...##..#......##......##
......##....##..@..#...##......##
.....###.#####..o......##......##
#...####.# ##)....#...##......#8
#(†...##.# #......######......##
#.....##.# ##)####...# #......##
.........###..####...## #......##
......#..>.....†......#####.##.#⌠
......#.###.####.......###..##.##
............# #...............##


You could see Blork the orc (fast).

Vanquished Creatures
  3 adders
  A worm (D:2)
  3 dart slugs
  4 ball pythons
  4 endoplasms
  2 giant cockroaches (D:1)
  A goblin (D:2)
  8 hobgoblins
  6 jackals
  2 quokkas (D:2)
  9 bats
  3 frilled lizards
  6 kobolds
  5 rats
57 creatures vanquished.

Notes
Turn   | Place    | Note
-------+----------+-------------------------------------------
     0 | D:1      | HoaS the Tengu Hunter began the quest for the Orb.
     0 | D:1      | Reached XP level 1. HP: 12/12 MP: 2/2
    49 | D:1      | Reached XP level 2. HP: 17/17 MP: 3/3
   191 | D:1      | Reached skill level 5 in Ranged Weapons
   952 | D:2      | Reached XP level 3. HP: 21/21 MP: 4/4
  1348 | D:2      | Reached skill level 6 in Ranged Weapons
  1390 | D:2      | Reached XP level 4. HP: 26/26 MP: 5/5
  2380 | D:4      | Noticed Blork the orc
  2410 | D:3      | Mangled by Blork the orc

Illustrated notes

Levels and vault maps discovered:
D:1:      roderic_octagonal_star, layout_basic, serial_rivers,
          chequers_serial_rivers_micro_e, chequers_serial_rivers_micro_a,
          chequers_serial_rivers_large_b, chequers_serial_rivers_marsh
D:2:      layout_basic
D:3:      layout_rooms, serial_corexii_hall, chequers_hall_statues_corner_a,
          corexii_hall_statues_x, chequers_hall_statues_y
D:4:      layout_basic, okawaru_trees_2, uniq_blork_the_orc

Skill      XL: |  1  2  3 |
---------------+----------+-----
Ranged Weapons | 5 6 |  6.5
Fighting       | |  2.0
Dodging        | |  2.1
Stealth        | |  1.0

Action                   |  1- 3 |  4- 6 || total
-------------------------+-------+-------++-------
 Fire: Shortbow          |   122 |    34 ||   156
  Use: Scroll            |     7 |     6 ||    13
       Potion            |     1 |     1 ||     2
Armor: Leather armour    |    18 |       ||    18
Dodge: Dodged            |    38 |     1 ||    39

Table legend: (Time is in decaauts)
 A = Elapsed time spent in this place.
 B = Non-inter-level travel time spent in this place.
 C = Inter-level travel time spent in this place.
 D = Time resting spent in this place.
 E = Time spent auto-exploring this place.
 F = Levels seen in this place.
 G = Mean time per level.
                   A        B        C        D        E       F      G
               +--------+--------+--------+--------+--------+-----+--------+
         Total |   2504 |   2407 |     97 |    103 |   1927 |   4 |  626.0 |
       Dungeon |   2504 |   2407 |     97 |    103 |   1927 |   4 |  626.0 |
               +--------+--------+--------+--------+--------+-----+--------+

Top non-repeatable levels by time:
     D:1: 990 daAuts
     D:2: 921 daAuts
     D:3: 513 daAuts
     D:4: 78 daAuts
